 Dungeon Crawl Stone Soup version 0.23.0 (webtiles) character file.

Game seed: 1572333595284431762

23 theswoord the Chopper (level 2, 0/22 HPs)
             Began as a Demonspawn Gladiator on Feb 15, 2019.
             Slain by Terence
             ... wielding a +0 short sword
              (1 damage)
             ... on level 1 of the Dungeon.
             The game lasted 00:00:55 (832 turns).

theswoord the Chopper (Demonspawn Gladiator)         Turns: 832, Time: 00:00:56

Health: 0/22       AC:  3    Str: 14    XL:     2   Next: 75%
Magic:  2/2        EV: 12    Int:  9    God:
Gold:   29         SH:  0    Dex: 14    Spells: 1/1 levels left

rFire    . . .     SeeInvis .   a - +0 war axe
rCold    . . .     Gourm    .   (no shield)
rNeg     . . .     Faith    .   b - +0 leather armour
rPois    .         Spirit   .   (helmet restricted)
rElec    .         Reflect  .   (no cloak)
rCorr    .         Harm     .   (no gloves)
MR       .....                  (no boots)
Stlth    +.........             (no amulet)
HPRegen  0.07/turn              (no ring)
MPRegen  0.08/turn              (no ring)

@: no status effects
A: antennae 1
a: no special abilities


You were on level 1 of the Dungeon.
You were not hungry.

You visited 1 branch of the dungeon, and saw 2 of its levels.

You collected 29 gold pieces.

Inventory:

Hand Weapons
 a - a +0 war axe (weapon)
Missiles
 d - 3 throwing nets (quivered)
Armour
 b - a +0 leather armour (worn)
 c - a +0 helmet
Scrolls
 e - 2 scrolls of identify {unknown}
 g - 2 scrolls of remove curse {unknown}
 i - a scroll of immolation {unknown}
 j - a scroll of blinking {unknown}
Potions
 k - 2 potions of heal wounds {unknown}
Comestibles
 f - a ration
 h - a chunk of flesh


   Skills:
 - Level 2.0 Fighting
 + Level 3.7 Axes
 - Level 1.7 Throwing
 - Level 2.6 Dodging


You had one spell level left.
You didn't know any spells.
Your spell library was empty.

Dungeon Overview and Level Annotations

Branches:
Dungeon (2/15)

Altars:

Annotations:
D:1 Terence


Innate Abilities, Weirdness & Mutations

You have a pair of small antennae on your head.


Message History

* * * LOW HITPOINT WARNING * * *
You slash the kobold!
You kill the kobold!
You closely miss Terence. Terence closely misses you.
You hit Terence. Terence hits you but does no damage.
You hit Terence. Terence misses you. Terence completely misses you.
You hit Terence. Terence hits you but does no damage.
You slash Terence! Terence hits you but does no damage.
You hit Terence but do no damage. Terence hits you with a +0 short sword.
* * * LOW HITPOINT WARNING * * *
Terence hits you but does no damage.
You closely miss Terence.
Terence bares his teeth.
Terence hits you with a +0 short sword.
* * * LOW HITPOINT WARNING * * *
You hit Terence but do no damage. Terence barely misses you.
You closely miss Terence. Terence hits you with a +0 short sword.
* * * LOW HITPOINT WARNING * * *
Terence hits you with a +0 short sword.
You die...

#.# #.........#
########.#####
##.######.#
.............# #.# #.#
########.###.# #.# #.#
########.# #.# ###.#
#.# ...).....#
#.###.#.#### #.#
##########
#..........# #.# #
#####@####.# #.# # #@#
#.# #.###### # #.#
##.###......# #
#.###...#######.# #
#.#.....# #รท#
#########.######## #.#
#.....#.#.#......# #.#
#.###.#.#.#.####.###.#
#.#...#.#.#.#.<#.#...#
#.#####.#.#.#.##.#####


You could see Terence.

Vanquished Creatures
  A dart slug (D:1)
  3 bats (D:1)
  2 giant cockroaches (D:1)
  3 goblins (D:1)
  A hobgoblin (D:1)
  4 jackals (D:1)
  A quokka (D:1)
  2 frilled lizards (D:1)
  A kobold (D:1)
  A rat (D:1)
19 creatures vanquished.

Notes
Turn   | Place    | Note
-------+----------+-------------------------------------------
     0 | D:1      | theswoord the Demonspawn Gladiator began the quest for the
                  | Orb.
     0 | D:1      | Reached XP level 1. HP: 16/16 MP: 1/1
    58 | D:1      | Reached skill level 3 in Axes
   286 | D:1      | Gained mutation: You have a pair of small antennae on your
                  | head. [demonic ancestry]
   286 | D:1      | Reached XP level 2. HP: 22/22 MP: 2/2
   798 | D:2      | Noticed Terence
   832 | D:1      | HP: 1/22 [Terence/+0 short sword (1)]
   832 | D:1      | Slain by Terence

Skill      XL: |  1 |
---------------+----+-----
Axes           | 3 |  3.7
Fighting       | |  2.0
Throwing       | |  1.7
Dodging        | |  2.6

Action                   || total
-------------------------++-------
Melee: War axe           ||    65
 Stab: Sleeping          ||     1
Armor: Leather armour    ||    16
Dodge: Dodged            ||    51

Levels and vault maps discovered:
D:1:      matt_arrival_spirals, layout_loops_ring
D:2:      minmay_roachtagon, layout_rooms, chequers_ecumenical_altar_twisty,
          nemelex_diamond_rough_becter, uniq_terence
